 Dungeon Crawl Stone Soup version 0.27-a0-1139-g28e009f8a6 (webtiles) character file.

Game seed: 7318601213778025225

19 Morbidden the Skirmisher (level 2, -2/24 HPs)
             Began as a Demonspawn Fighter on May 8, 2021.
             Slain by a gnoll
             ... wielding a +0 club
              (4 damage)
             ... on level 1 of the Dungeon.
             The game lasted 00:01:01 (1494 turns).

Morbidden the Skirmisher (Demonspawn Fighter)       Turns: 1494, Time: 00:01:02

Health: -2/24      AC:  6    Str: 16    XL:     2   Next: 55%
Magic:  2/2        EV:  9    Int:  9    God:
Gold:   41         SH:  0    Dex: 12    Spells: 1/1 levels left

rFire    . . .     SeeInvis .   (no weapon)
rCold    . . .     Faith    .   (no shield)
rNeg     . . .     Spirit   .   b - +0 scale mail
rPois    .         Reflect  .   (no helmet)
rElec    .         Harm     .   (no cloak)
rCorr    .         Rampage  .   (no gloves)
Will     .....                  (no boots)
Stlth    ..........             (no amulet)
HPRegen  0.08/turn              (no ring)
MPRegen  0.08/turn              (no ring)

@: no status effects
A: claws 1
a: no special abilities


You were on level 1 of the Dungeon.
You visited 1 branch of the dungeon, and saw 2 of its levels.

You collected 41 gold pieces.

Inventory:

Hand Weapons
 h - a +0 hunting sling
Armour
 b - a +0 scale mail (worn)
Scrolls
 a - a scroll of identify {unknown}
 c - a scroll of enchant armour {unknown}
 e - 3 scrolls of teleportation {unknown}
 f - a scroll of amnesia {unknown}
 i - 3 scrolls of noise {unknown}
 j - 2 scrolls of enchant weapon {unknown}
Potions
 d - a potion of might
 g - a potion of curing {unknown}


   Skills:
 * Level 3.3 Fighting
 - Level 1.9 Long Blades
 + Level 2.9 Armour
 * Level 0.4 Dodging
 - Level 2.8 Shields
 * Level 0.2 Unarmed Combat


You had one spell level left.
You didn't know any spells.
Your spell library was empty.

Dungeon Overview and Level Annotations

Branches:
Dungeon (2/15)

Altars:


Innate Abilities, Weirdness & Mutations

You have sharp fingernails.


Message History

The gnoll hits you with a +0 club.
You barely miss the gnoll.
The gnoll is lightly wounded.
The gnoll hits you with a +0 club.
You scratch the gnoll.
The gnoll is moderately wounded.
The gnoll hits you with a +0 club.
You closely miss the gnoll.
The gnoll is moderately wounded.
The gnoll closely misses you.
You barely miss the gnoll.
The gnoll is moderately wounded.
The gnoll hits you with a +0 club.
You scratch the gnoll but do no damage.
The gnoll is moderately wounded.
The gnoll hits you but does no damage.
You barely miss the gnoll.
The gnoll is moderately wounded.
The gnoll hits you with a +0 club.
You scratch the gnoll.
The gnoll is moderately wounded.
The gnoll barely misses you.
You barely miss the gnoll.
The gnoll is moderately wounded.
The gnoll hits you with a +0 club.
* * * LOW HITPOINT WARNING * * *
You scratch the gnoll.
The gnoll is moderately wounded.
The gnoll hits you but does no damage.
You scratch the gnoll.
The gnoll is severely wounded.
The gnoll hits you with a +0 club.
* * * LOW HITPOINT WARNING * * *
You scratch the gnoll.
The gnoll is almost dead.
The gnoll barely misses you.
You scratch the gnoll but do no damage.
The gnoll is almost dead.
The gnoll hits you with a +0 club.
You die...

#############
#...........#
#########.######....#
#.##@)...............
#.##g##.#.##.###....#
#.(.....[.##........#
#.##......##......###
#.##......##......###
#.##......##.........
#.#.......##.#####...
#.#.......##(#####...
#.#..................


You could see a gnoll.

Vanquished Creatures
  A gnoll (D:1)
  2 endoplasms (D:1)
  A hobgoblin (D:1)
  2 kobolds (D:1)
  2 ball pythons (D:1)
  A bat (D:1)
  A frilled lizard (D:1)
10 creatures vanquished.

Notes
Turn   | Place    | Note
-------+----------+-------------------------------------------
     0 | D:1      | Morbidden the Demonspawn Fighter began the quest for the
                  | Orb.
     0 | D:1      | Reached XP level 1. HP: 18/18 MP: 1/1
   527 | D:1      | Gained mutation: You have sharp fingernails. [demonic
                  | ancestry]
   527 | D:1      | Reached XP level 2. HP: 24/24 MP: 2/2
  1494 | D:1      | Slain by a gnoll

Illustrated notes

Levels and vault maps discovered:
D:1:      dpeg_arrival_arbitrary_a, layout_basic
D:2:      layout_basic, basic_ecumenical_altar

Action                   || total
-------------------------++-------
Melee: Long sword        ||    17
       Unarmed           ||    42
Armor: Scale mail        ||    18
Dodge: Dodged            ||    22
Block: Kite shield       ||     5

Table legend: (Time is in decaauts)
 A = Elapsed time spent in this place.
 B = Non-inter-level travel time spent in this place.
 C = Inter-level travel time spent in this place.
 D = Time resting spent in this place.
 E = Time spent auto-exploring this place.
 F = Levels seen in this place.
 G = Mean time per level.
                   A        B        C        D        E       F      G
               +--------+--------+--------+--------+--------+-----+--------+
         Total |   1505 |   1492 |     13 |    611 |    726 |   2 |  752.5 |
       Dungeon |   1505 |   1492 |     13 |    611 |    726 |   2 |  752.5 |
               +--------+--------+--------+--------+--------+-----+--------+

Top non-repeatable levels by time:
     D:1: 1454 daAuts
     D:2: 50 daAuts
